[Event "BPB Limburg Open 2019 Group A"]
[Site "Maastricht, Netherlands"]
[Date "2019.06.08"]
[Round "3.3"]
[White "Beerdsen, Thomas"]
[Black "Van Wely, Loek"]
[Result "1/2-1/2"]
[TimeControl "2h + 15 sec/move"]
[WhiteFideId "1030108"]
[BlackFideId "1000268"]
[WhiteElo "2488"]
[BlackElo "2604"]

1. e4 c5 2. Nf3 e6 3. d4 cxd4 4. Nxd4 a6 5. Nc3 Qc7 6. Bd3 Nf6 7. Qe2 d6 8. O-O Nbd7 9. Kh1 b6 10.
Bg5 Be7 11. f4 Bb7 12. Rae1 h6 13. Bh4 Nc5 14. Bg3 h5 15. Nf3 b5 16. a3 Rc8 17. Bh4 Ng4 18. Bxe7 Qxe7 19. h3 Nf6 20.
Ng5 h4 21. Qf2 Nfd7 22. Qd4 Kf8 23. Be2 Nb6 24. Rd1 Nba4 25. Nxa4 Nxa4 26. Bg4 Rh6 27. b3 Nc5 28. b4 Na4 29.
Rf2 d5 30. exd5 Bxd5 31. f5 Rc4 32. Nxe6+ Bxe6 33. Qd8+ Qxd8 34. Rxd8+ Ke7 35. fxe6 fxe6 36. Ra8 Rc6 37. Ra7+ Kd6 38. Bf3 Rb6 39. Rd2+ Ke5 40. Rxg7 Nb2 41.
Rg4 Nc4 42. Rd3 Nd6 43. a4 bxa4 44. Ra3 Nf5 45. Rxa4 Rd6 46. c4 Rd2 47. Rxa6 Ng3+ 48. Kh2 Rb2 49. Ra5+ Kf6 50. b5 Rb1 51.
Rxg3 hxg3+ 52. Kxg3 Rg6+ 53. Bg4 Rg5 54. Ra6 Re5 55. Rc6 Re4 56. b6 Rb3+ 57. Kh2 Rb2 58. c5 Re3 59. Rc7 Reb3 60.
Rc6 Re3 61. Rd6 Ke7 62. Rc6 Kf6 1/2-1/2

[Event "BPB Limburg Open 2019 Group A"]
[Site "Maastricht, Netherlands"]
[Date "2019.06.08"]
[Round "3.5"]
[White "Huesmann, Thomas"]
[Black "Ernst, Sipke"]
[Result "0-1"]
[TimeControl "2h + 15 sec/move"]
[WhiteFideId "200441"]
[BlackFideId "1004689"]
[WhiteElo "2136"]
[BlackElo "2541"]

1. e4 e5 2. Nf3 Nc6 3. Bc4 Bc5 4. O-O Nf6 5. d4 Bxd4 6. Nxd4 Nxd4 7. f4 d6 8. fxe5 dxe5 9. Bg5 Qe7 10.
Bxf6 gxf6 11. c3 Ne6 12. Bxe6 Bxe6 13. Na3 Rg8 14. Kh1 Rg4 15. Qd3 Qd7 16. Qe3 Qc6 17. Rae1 f5 18. h3 f4 19.
Qe2 Rg3 20. Rf3 Rxf3 21. Qxf3 O-O-O 22. Qh5 Qc5 23. Qe2 a6 24. Nb1 Qb5 25. Qxb5 axb5 26. a3 Ba2 27. Kg1 Rd3 28. Kf2 c6 29.
Rc1 Kd7 30. Ke2 Re3+ 31. Kf2 Bxb1 32. Rxb1 Rxe4 33. Rd1+ Ke7 34. Rd2 Re3 35. Rd1 h5 36. Rd2 h4 37. Rd1 f5 38. Rd2 Rg3 0-1

[Event "BPB Limburg Open 2019 Group A"]
[Site "Maastricht, Netherlands"]
[Date "2019.06.08"]
[Round "3.6"]
[White "Van Foreest, Lucas"]
[Black "Kett, Tim"]
[Result "1-0"]
[TimeControl "2h + 15 sec/move"]
[WhiteFideId "1039792"]
[BlackFideId "1801210"]
[WhiteElo "2522"]
[BlackElo "2197"]

1. e4 e5 2. Nf3 Nc6 3. Bc4 Be7 4. d4 d6 5. dxe5 dxe5 6. Qxd8+ Bxd8 7. Ng5 Bxg5 8. Bxg5 Be6 9. Bb5 Nge7 10.
c3 a6 11. Be2 Nc8 12. Nd2 Nd6 13. O-O-O O-O 14. f3 Na5 15. b3 Nc6 16. Be3 b5 17. Kb2 Rfd8 18. Ra1 Rd7 19. Rhd1 b4 20.
cxb4 Nxb4 21. Rac1 Nb5 22. Nc4 Rxd1 23. Rxd1 Nc6 24. a4 Nbd4 25. Nxe5 Bxb3 26. Rxd4 Nxd4 27. Bxd4 Bxa4 28. Bc4 Be8 29.
Bc3 a5 30. Kc1 Kf8 31. Bd5 c6 32. Bb3 a4 33. Bb4+ Kg8 34. Bc4 g5 35. Ng4 Kg7 36. Bc3+ Kf8 37. Nf6 h6 38. Bd4 a3 39.
Bc5+ Kg7 40. Nxe8+ Rxe8 41. Bxa3 g4 42. Bb2+ f6 43. e5 fxe5 44. f4 Kg6 45. fxe5 Kf5 46. e6 Ke4 47. Bf6 Ke3 48.
e7 Kf2 49. Bf7 Rxe7 50. Bxe7 g3 51. hxg3 Kxg3 52. Bf8 Kxg2 53. Bg7 1-0

[Event "BPB Limburg Open 2019 Group A"]
[Site "Maastricht, Netherlands"]
[Date "2019.06.08"]
[Round "3.7"]
[White "Admiraal, Miguoel"]
[Black "Harff, Marcel"]
[Result "1/2-1/2"]
[TimeControl "2h + 15 sec/move"]
[WhiteFideId "1019716"]
[BlackFideId "24621382"]
[WhiteElo "2507"]
[BlackElo "2372"]

1. d4 Nf6 2. Bg5 Ne4 3. Bf4 d5 4. e3 e6 5. Bd3 b6 6. Ne2 Bb7 7. O-O Bd6 8. c4 dxc4 9. Bxc4 Nd7 10.
Nbc3 O-O 11. Nxe4 Bxe4 12. Bxd6 cxd6 13. Nc3 Bb7 14. Rc1 Qe7 15. Bd3 Rfc8 16. Qe2 Nf6 17. Rc2 a6 18. Rfc1 b5 19.
a3 g6 20. Nb1 Qd7 21. Rxc8+ Rxc8 22. Rxc8+ Qxc8 1/2-1/2

[Event "BPB Limburg Open 2019 Group A"]
[Site "Maastricht, Netherlands"]
[Date "2019.06.08"]
[Round "3.8"]
[White "De Jong, Tom"]
[Black "Monroy, Charles"]
[Result "0-1"]
[TimeControl "2h + 15 sec/move"]
[WhiteFideId "1000543"]
[BlackFideId "621641"]
[WhiteElo "2155"]
[BlackElo "2432"]

1. e4 e5 2. Nf3 Nc6 3. Bb5 a6 4. Ba4 Nf6 5. O-O Be7 6. d3 b5 7. Bb3 d6 8. a3 O-O 9. Nc3 Bg4 10.
Be3 Nd4 11. Bxd4 exd4 12. Nd5 c5 13. c3 dxc3 14. bxc3 Rc8 15. Re1 c4 16. dxc4 bxc4 17. Ba2 Nxd5 18. Qxd5 Bxf3 19. gxf3 Rc5 20.
Qb7 Bf6 21. Red1 Be5 22. Rd5 Qh4 23. Kf1 Rcc8 24. Rb1 f5 25. Bxc4 Qh3+ 26. Ke2 Kh8 27. Bd3 Rxc3 28. exf5 Re8 29.
Qf7 Rcc8 30. Rb7 Bf6+ 31. Be4 Rxe4+ 32. fxe4 Qg4+ 33. Kd2 Bg5+ 0-1

[Event "BPB Limburg Open 2019 Group A"]
[Site "Maastricht, Netherlands"]
[Date "2019.06.08"]
[Round "3.9"]
[White "Leenhouts, Koen"]
[Black "Elgersma, Onno"]
[Result "1/2-1/2"]
[TimeControl "2h + 15 sec/move"]
[WhiteFideId "1008439"]
[BlackFideId "1053531"]
[WhiteElo "2432"]
[BlackElo "2173"]

1. d4 Nf6 2. c4 e6 3. Nc3 Bb4 4. Qc2 O-O 5. Nf3 c5 6. dxc5 Na6 7. g3 Nxc5 8. Bg2 b6 9. O-O Bb7 10.
Nb5 Be4 11. Qd1 Nb7 12. Bf4 Rc8 13. Rc1 a6 14. Nc3 Bxc3 15. Rxc3 d5 16. Qc1 d4 17. Ra3 b5 18. Be5 Rxc4 19.
Qg5 h6 20. Bxf6 hxg5 21. Bxd8 Rxd8 22. Rxa6 Rc2 23. Nxg5 Bxg2 24. Kxg2 Rxe2 25. Rd1 e5 26. b3 g6 27. Kf1 Rc2 28.
Ne4 Rdc8 29. Ra7 Nc5 30. Nd6 Rc6 31. Nxf7 Ne4 32. Nxe5 Rxf2+ 33. Kg1 Rcc2 34. Ra8+ Kg7 35. Ra7+ Kg8 1/2-1/2

[Event "BPB Limburg Open 2019 Group A"]
[Site "Maastricht, Netherlands"]
[Date "2019.06.08"]
[Round "3.10"]
[White "Haast, Mark"]
[Black "Tomov, Georgi"]
[Result "1-0"]
[TimeControl "2h + 15 sec/move"]
[WhiteFideId "1021133"]
[BlackFideId "2908964"]
[WhiteElo "2392"]
[BlackElo "2328"]

1. c4 e6 2. g3 d5 3. Bg2 Nf6 4. Nf3 dxc4 5. O-O a6 6. a4 Nc6 7. Na3 Bxa3 8. Rxa3 Rb8 9. b3 cxb3 10.
Rxb3 b5 11. axb5 axb5 12. Qc2 Bd7 13. Bb2 Na5 14. Rd3 Nc4 15. Ne5 Nxb2 16. Qxb2 Rb6 17. Bc6 O-O 18. Bxd7 Qa8 19. Rc1 Ra6 20.
Bc6 Qa7 21. Qxb5 Ra5 22. Qb2 h6 23. Bf3 1-0

[Event "BPB Limburg Open 2019 Group A"]
[Site "Maastricht, Netherlands"]
[Date "2019.06.08"]
[Round "3.11"]
[White "Decoster, Frederic"]
[Black "Blom, Vincent"]
[Result "1/2-1/2"]
[TimeControl "2h + 15 sec/move"]
[WhiteFideId "204269"]
[BlackFideId "1014358"]
[WhiteElo "2293"]
[BlackElo "2291"]

1. e4 c5 2. Nf3 Nc6 3. d4 cxd4 4. Nxd4 e5 5. Nb5 a6 6. Nd6+ Bxd6 7. Qxd6 Qf6 8. Qxf6 Nxf6 9. Nc3 Nb4 10.
Bd3 h6 11. f4 d6 12. O-O Nxd3 13. cxd3 Bd7 14. Be3 Bc6 15. a4 Ke7 16. h3 b5 17. a5 Rac8 18. b4 Bb7 19. Rac1 exf4 20.
Bxf4 d5 21. e5 Nd7 22. Ne2 Rxc1 23. Rxc1 Rc8 24. Rxc8 Bxc8 25. Nd4 Nf8 26. Kf2 Bd7 27. Ke3 h5 28. Ne2 Ne6 29. d4 g6 30.
Bg3 Ke8 31. Bh4 Ng7 32. Bf6 Ne6 33. Nc3 Bc6 34. Nd1 Bd7 35. Nf2 Bc8 36. g4 hxg4 37. Nxg4 Nc7 38. Nf2 Bf5 39. Ke4 1/2-1/2

[Event "BPB Limburg Open 2019 Group A"]
[Site "Maastricht, Netherlands"]
[Date "2019.06.08"]
[Round "3.12"]
[White "Klinova, Masha"]
[Black "Helmond, Frans"]
[Result "1/2-1/2"]
[TimeControl "2h + 15 sec/move"]
[WhiteFideId "2802015"]
[BlackFideId "1003755"]
[WhiteElo "2266"]
[BlackElo "2108"]

1. e4 c5 2. Nf3 d6 3. Bb5+ Bd7 4. Bxd7+ Qxd7 5. c4 Nc6 6. Nc3 Nf6 7. d4 cxd4 8. Nxd4 e6 9. Be3 Be7 10.
O-O O-O 11. Rc1 Rfd8 12. f3 d5 13. cxd5 exd5 14. Nxc6 bxc6 15. exd5 cxd5 16. Bd4 Ne8 17. Qa4 Nc7 18. Rfd1 Qf5 19.
Ne2 Ne6 20. Qc2 Qg5 21. Bf2 Bf6 22. b3 h5 23. h4 Qe5 24. Bg3 Qe3+ 25. Bf2 Qe5 26. Bg3 Qe3+ 1/2-1/2

[ePGN "0.1;DGT LiveChess/2.2.4"]

[Event "BPB Limburg Open 2019 Group A"]
[Site "Maastricht, Netherlands"]
[Date "2019.06.09"]
[Round "4.1"]
[White "Van Wely, Loek"]
[Black "Nasuta, Grzegorz"]
[Result "1/2-1/2"]
[TimeControl "2h + 15 sec/move"]
[WhiteFideId "1000268"]
[BlackFideId "1141686"]
[WhiteElo "2604"]
[BlackElo "2518"]

1. d4 Nf6 2. c4 g6 3. g3 c6 4. Nf3 Bg7 5. Bg2 d5 6. O-O O-O 7. Qb3 Qb6 8. Nc3 Rd8 9. Na4 Qxb3 10.
axb3 Na6 11. Bf4 Bf5 12. Rfc1 Be4 13. Nc3 Bxf3 14. Bxf3 dxc4 15. Bxc6 bxc6 16. Rxa6 cxb3 17. e3 c5 18.
Be5 cxd4 19. Bxd4 Ng4 20. Nb5 Rac8 21. Rxc8 Rxc8 22. h3 Ne5 23. Rxa7 Nd3 24. Rxe7 Nxb2 25. Bxb2 Bxb2 26. Rb7 Bf6 27.
Nd4 Bxd4 28. exd4 Rd8 1/2-1/2

[Event "BPB Limburg Open 2019 Group A"]
[Site "Maastricht, Netherlands"]
[Date "2019.06.09"]
[Round "4.2"]
[White "Ernst, Sipke"]
[Black "Bok, Benjamin"]
[Result "0-1"]
[TimeControl "2h + 15 sec/move"]
[WhiteFideId "1004689"]
[BlackFideId "1017063"]
[WhiteElo "2541"]
[BlackElo "2638"]

1. Nf3 d5 2. d4 Nf6 3. c4 e6 4. Nc3 c6 5. Bg5 h6 6. Bxf6 Qxf6 7. Qb3 dxc4 8. Qxc4 Nd7 9. e3 g6 10.
Bd3 Bg7 11. O-O Qe7 12. Rfd1 O-O 13. Be4 Rd8 14. Rac1 Nb6 15. Qb3 Bd7 16. Ne2 Be8 17. Bb1 Rac8 18. Rc5 Nd5 19. Rdc1 b6 20.
R5c4 c5 21. a3 Rc7 22. Be4 Nf6 23. Bd3 Bc6 24. R4c2 Bd5 25. Qb5 Ne8 26. dxc5 bxc5 27. Nf4 Bxf3 28. gxf3 Rb7 29. Qc4 Bxb2 30. Rb1 Be5
31. Rxb7 Qxb7 32. Be4 Qb1+ 33. Rc1 Rd1+ 34. Rxd1 Qxd1+ 35. Kg2 Bxf4 36. exf4 Qd6 37. Qa4 Nf6 38. Qxa7 Nh5 39. h3 Nxf4+ 40. Kh2 Kg7 41. a4 0-1

[Event "BPB Limburg Open 2019 Group A"]
[Site "Maastricht, Netherlands"]
[Date "2019.06.09"]
[Round "4.3"]
[White "Helmond, Frans"]
[Black "Donchenko, Alexander"]
[Result "0-1"]
[TimeControl "2h + 15 sec/move"]
[WhiteFideId "1003755"]
[BlackFideId "24603295"]
[WhiteElo "2108"]
[BlackElo "2618"]

1. e4 c5 2. c3 Nf6 3. e5 Nd5 4. d4 cxd4 5. Nf3 d6 6. Bc4 Nb6 7. Bb5+ Bd7 8. Bxd7+ Qxd7 9. cxd4 Nc6 10.
exd6 e6 11. O-O Bxd6 12. Nc3 O-O 13. Re1 Rfd8 14. Bg5 Be7 15. Bxe7 Qxe7 16. a3 Rd7 17. Qb3 Nxd4 18. Nxd4 Rxd4 19.
Nb5 Rd2 20. Rad1 Rxd1 21. Rxd1 Nd5 22. Nc3 Nf6 23. Qa4 h6 24. h3 a6 25. Qd4 Rc8 26. Qb6 Kf8 27. Rd4 Qc7 28. Qb4+ Kg8 29.
a4 Qe5 30. Qxb7 Rb8 31. Qa7 Rxb2 32. Rd8+ Kh7 33. Qd4 Qe1+ 34. Kh2 Rxf2 35. Qd3+ g6 36. Qg3 Nh5 37. Rd1 Nxg3 38. Rxe1 Rc2 39.
Nb1 Nf5 40. Re5 h5 0-1

[Event "BPB Limburg Open 2019 Group A"]
[Site "Maastricht, Netherlands"]
[Date "2019.06.09"]
[Round "4.4"]
[White "Gramb, Marius"]
[Black "Van Foreest, Jorden"]
[Result "0-1"]
[TimeControl "2h + 15 sec/move"]
[WhiteFideId "24656593"]
[BlackFideId "1039784"]
[WhiteElo "2148"]
[BlackElo "2610"]

1. d4 g6 2. e4 Bg7 3. Nc3 d6 4. f4 a6 5. Nf3 Nd7 6. e5 Nh6 7. Be3 O-O 8. Qd2 b5 9. Bd3 c5 10.
Be4 Rb8 11. dxc5 Nxc5 12. Bxc5 dxc5 13. Rd1 Qxd2+ 14. Rxd2 f5 15. Bc6 e6 16. Ke2 Nf7 17. h4 h6 18. Rhd1 g5 19. g3 Rb6 20.
Bd7 Bb7 21. Rd3 g4 22. Ne1 c4 23. Re3 Bc8 24. Kf2 Rb7 25. Bxc8 Rxc8 26. Re2 Bf8 27. Red2 Bc5+ 28. Ke2 Kf8 29.
Rd7 Rcc7 30. Rxc7 Rxc7 31. a3 Ke8 32. Nb1 Nd8 33. b4 cxb3 34. cxb3 Bf8 35. Kd2 b4 36. Nc2 a5 37. axb4 axb4 38.
Ne3 Nc6 39. Ke2 Bc5 40. Nc2 Ra7 41. Nd2 Ra2 42. Kd3 Bf2 43. Nf1 Rb2 44. Na1 Na5 45. Rd2 Rb1 46. Rxf2 Rxa1 47. Kd4 Nxb3+ 48. Kc4 Rxf1 0-1

[Event "BPB Limburg Open 2019 Group A"]
[Site "Maastricht, Netherlands"]
[Date "2019.06.09"]
[Round "4.5"]
[White "Engel, Johann"]
[Black "Gurevich, Mikhail"]
[Result "0-1"]
[TimeControl "2h + 15 sec/move"]
[WhiteFideId "12920509"]
[BlackFideId "200930"]
[WhiteElo "2165"]
[BlackElo "2579"]

1. d4 d6 2. c4 f5 3. Nc3 Nf6 4. Nf3 g6 5. Bg5 Nbd7 6. e3 Bg7 7. Bd3 e5 8. e4 f4 9. Nd5 c6 10.
Nxf6+ Bxf6 11. Bxf6 Qxf6 12. Bc2 g5 13. Qd3 g4 14. dxe5 dxe5 15. Nd2 Nc5 16. Qc3 a5 17. O-O-O Qe7 18.
a3 a4 19. Nb1 h5 20. Qb4 Be6 21. Rd2 Nb3+ 22. Bxb3 Qxb4 23. axb4 axb3 24. Na3 Ra4 25. Kb1 Rxb4 26. Rc1 Ke7 27.
Rc3 Rd8 28. Rxd8 Kxd8 29. Kc1 Kc7 30. Kd2 Kb6 31. Rc1 Kc5 32. Kd3 Ra4 33. f3 Kb4 34. Rb1 Ra8 35. Rc1 Rd8+ 36. Ke2 Rd4 37.
c5 gxf3+ 38. gxf3 Bc4+ 39. Ke1 Kxc5 40. Kf2 b5 41. Kg2 Rd2+ 0-1

[Event "BPB Limburg Open 2019 Group A"]
[Site "Maastricht, Netherlands"]
[Date "2019.06.09"]
[Round "4.6"]
[White "Elgersma, Onno"]
[Black "Van Foreest, Lucas"]
[Result "0-1"]
[TimeControl "2h + 15 sec/move"]
[WhiteFideId "1053531"]
[BlackFideId "1039792"]
[WhiteElo "2173"]
[BlackElo "2522"]

1. e4 c5 2. Nf3 e6 3. d4 cxd4 4. Nxd4 Nc6 5. Nc3 Qc7 6. g3 a6 7. Bg2 Nf6 8. O-O h5 9. Nxc6 dxc6 10.
Qe2 e5 11. h3 Be6 12. a4 a5 13. Nd1 Bc5 14. Ne3 g6 15. c3 h4 16. g4 Kf8 17. Bd2 Kg7 18. Kh1 Rhd8 19. f4 exf4 20.
Rxf4 Rxd2 21. Qxd2 Rd8 22. Qf2 Qe5 23. Rf1 Bxe3 24. Qxe3 Nd5 25. Qd2 Nxf4 26. Qxd8 Nxg2 27. Qd2 Bc4 28.
Qxg2 Bxf1 29. Qxf1 Qxe4+ 30. Kg1 Qxa4 31. Qf2 Qd1+ 32. Kg2 a4 33. Kh2 Qd6+ 34. Kh1 Qg3 35. Qf1 b5 0-1

[Event "BPB Limburg Open 2019 Group A"]
[Site "Maastricht, Netherlands"]
[Date "2019.06.09"]
[Round "4.7"]
[White "Monroy, Charles"]
[Black "Beerdsen, Thomas"]
[Result "1/2-1/2"]
[TimeControl "2h + 15 sec/move"]
[WhiteFideId "621641"]
[BlackFideId "1030108"]
[WhiteElo "2432"]
[BlackElo "2488"]

1. e4 c5 2. c3 Nf6 3. e5 Nd5 4. Nf3 Nc6 5. Bc4 Nb6 6. Bb3 d5 7. exd6 Qxd6 8. O-O Bf5 9. d4 e6 10.
Na3 cxd4 11. Nb5 Qd7 12. Nfxd4 Nxd4 13. Nxd4 Be4 14. Qe2 Bd5 15. Rd1 Rc8 16. Bxd5 Nxd5 17. c4 Nf6 18. b3 b6 19.
Qf3 Bc5 20. Nf5 Qc6 21. Nxg7+ Ke7 22. Qxc6 Rxc6 23. Bg5 Rg8 24. Bxf6+ Kxf6 25. Nh5+ Ke7 26. Rd3 Rd6 27. Rxd6 Bxd6 28.
Rd1 a6 29. Ng3 Be5 30. Kf1 b5 31. Re1 f6 32. Re4 Rd8 33. cxb5 axb5 34. Ke2 Bc3 35. Nf1 b4 36. Rc4 Ra8 37.
Rc7+ Kd6 38. Rxh7 Rxa2+ 39. Kd3 Rxf2 40. Ne3 Rd2+ 41. Ke4 f5+ 42. Kf3 Ra2 43. Nc4+ Kc6 44. Re7 Kd5 45. Rd7+ Kc5 46.
Rc7+ Kd5 47. Rd7+ Ke5 48. Ke4+ 1/2-1/2

[Event "BPB Limburg Open 2019 Group A"]
[Site "Maastricht, Netherlands"]
[Date "2019.06.09"]
[Round "4.8"]
[White "Harff, Marcel"]
[Black "Haast, Mark"]
[Result "1/2-1/2"]
[TimeControl "2h + 15 sec/move"]
[WhiteFideId "24621382"]
[BlackFideId "1021133"]
[WhiteElo "2372"]
[BlackElo "2392"]

1. c4 Nf6 2. g3 e6 3. b3 d5 4. Bb2 Be7 5. Nf3 O-O 6. Bg2 c5 7. e3 Nc6 8. O-O Re8 9. d4 cxd4 10.
Nxd4 Nxd4 11. Qxd4 dxc4 12. Qxc4 Bd7 13. Rd1 1/2-1/2

[Event "BPB Limburg Open 2019 Group A"]
[Site "Maastricht, Netherlands"]
[Date "2019.06.09"]
[Round "4.9"]
[White "Pieper, Dawid"]
[Black "Dambacher, Martijn"]
[Result "0-1"]
[TimeControl "2h + 15 sec/move"]
[WhiteFideId "4676106"]
[BlackFideId "1005030"]
[WhiteElo "2175"]
[BlackElo "2511"]

1. e4 c5 2. Nf3 d6 3. Bb5+ Nd7 4. d4 cxd4 5. Qxd4 a6 6. Bxd7+ Bxd7 7. Nc3 e5 8. Qd3 h6 9. Be3 Nf6 10.
a4 Be6 11. a5 Be7 12. O-O Rc8 13. Rfd1 O-O 14. Bb6 Qd7 15. h3 Qc6 16. Nh2 Nd7 17. Be3 f5 18. f3 fxe4 19. Qxe4 Nf6 20.
Qg6 Bf7 21. Qg3 Nh5 22. Qg4 Kh7 23. Ra4 Nf6 24. Qg3 Nh5 25. Qg4 d5 26. Qf5+ Bg6 27. Qxe5 Bf6 28. Qxd5 Bxc3 29. Qxc6 Rxc6 30.
bxc3 Bxc2 31. Rda1 Bxa4 32. Rxa4 Rxc3 33. Ng4 Nf6 34. Bd4 Rc1+ 35. Kf2 Ne4+ 36. Ke3 Nc3 37. Ra3 Nb5 38. Rd3 Nxd4 39.
Rxd4 Rc2 40. Rd7 Rxg2 41. Rxb7 Ra2 42. f4 Rxa5 43. Kd4 0-1

[Event "BPB Limburg Open 2019 Group A"]
[Site "Maastricht, Netherlands"]
[Date "2019.06.09"]
[Round "4.10"]
[White "Sadzikowski, Daniel"]
[Black "Verhoef, Pieter"]
[Result "1-0"]
[TimeControl "2h + 15 sec/move"]
[WhiteFideId "1132253"]
[BlackFideId "1047264"]
[WhiteElo "2510"]
[BlackElo "2136"]

1. c4 c5 2. Nf3 g6 3. e4 Bg7 4. d4 cxd4 5. Nxd4 Nf6 6. Nc3 d6 7. Be2 O-O 8. O-O Nc6 9. Be3 Nxd4 10.
Bxd4 a5 11. Rc1 Bd7 12. b3 Bc6 13. f3 Nd7 14. Be3 Nc5 15. Qd2 Qc7 16. Rc2 b6 17. Rb1 Qb7 18. Bf1 Rfd8 19. a3 e6 20.
Qf2 d5 21. cxd5 exd5 22. exd5 Bxd5 23. b4 axb4 24. axb4 Nd7 25. Nxd5 Qxd5 26. Rd2 Qc6 27. Rbd1 Bf6 28. Rd6 Qc7 29.
Qd2 Ne5 30. Bxb6 Qxd6 31. Qxd6 Rxd6 32. Rxd6 Be7 33. Rd5 Nc6 34. b5 Bd8 35. Bf2 Ne7 36. Rd7 Rb8 37. Ba7 Ra8 38. b6 Kg7 39.
Bb5 1-0

[Event "BPB Limburg Open 2019 Group A"]
[Site "Maastricht, Netherlands"]
[Date "2019.06.09"]
[Round "4.11"]
[White "Asadzade, Idris"]
[Black "Admiraal, Miguoel"]
[Result "0-1"]
[TimeControl "2h + 15 sec/move"]
[WhiteFideId "12997285"]
[BlackFideId "1019716"]
[WhiteElo "2125"]
[BlackElo "2507"]

1. d4 d5 2. c4 c6 3. Nc3 Nf6 4.
Nf3 dxc4 5. a4 Bf5 6. Ne5 Nbd7 7. Nxc4 Nb6 8. Ne5 a5 9. f3 Nfd7 10. Nxd7 Nxd7 11. e4 Bg6 12. Qb3 e5 13.
dxe5 Bb4 14. Be3 Nxe5 15. Bc4 Qh4+ 16. Bf2 Qg5 17. Bf1 Rd8 18. Qc2 h5 19. h4 Qf4 20. Qc1 Qxc1+ 21. Rxc1 f6 22.
Be3 Bf7 23. Kf2 Bb3 24. Ra1 Kf7 25. Be2 Nd7 26. Na2 Bc5 27. Nc1 Be6 28. Nd3 Bxe3+ 29. Kxe3 Ke7 30. Rhd1 Bc4 31. Nf4 Bf7 32.
Nd3 Ra8 33. Rdc1 Ra6 34. Ra3 Rb6 35. Rcc3 Rd8 36. f4 Kd6 37. b3 Re8 38. Bf3 Bg6 39. Rc4 Bf7 40. Rc3 Bd5 41. Kd4 c5+ 42.
Ke3 Bxe4 43. Bxe4 f5 44.
Rc4 fxe4 45. Rxe4 Rxe4+ 46. Kxe4 Ke6 47. f5+ Kd6 48. Nb2 Nf6+ 49. Kf4 Rb4+ 50. Nc4+ Ke7 51. Kg5 Kf8 52. Kf4 Ke7 53. Kg5 Kf7 54.
Ne5+ Kf8 55. Nc4 Nd5 56. Kxh5 Nf4+ 57. Kg4 Nxg2 58. Kg3 Ne1 59. Nxa5 Nc2 60. Ra2 Nd4 61. Rf2 b6 62. Nc4 Nxb3 63. Rb2 Ke7 64. Ne5 Na5 65. Nd3 Rxa4 66. Nf4 Nc4 67. Rb3 Kf6 68. Nd5+ Kxf5 69. Nxb6 Ra3 70. Rxa3 Nxa3 71. Kf3 Nb5 72. Nc4 Nd4+ 73. Ke3 Kg4 74.
Ne5+ Kxh4 75. Nd7 Ne6 76. Ke4 g5 77. Ne5 g4 78. Kd5 g3 79. Nf3+ Kg4 80. Ng1 g2 81. Kd4 0-1

[Event "BPB Limburg Open 2019 Group A"]
[Site "Maastricht, Netherlands"]
[Date "2019.06.09"]
[Round "4.12"]
[White "Vandenbussche, Thibaut"]
[Black "Warmerdam, Max"]
[Result "1/2-1/2"]
[TimeControl "2h + 15 sec/move"]
[WhiteFideId "204412"]
[BlackFideId "1048104"]
[WhiteElo "2442"]
[BlackElo "2475"]

1. e4 c5 2. Nf3 d6 3. Bb5+ Bd7 4. Bxd7+ Qxd7 5. c4 Nf6 6. Nc3 g6 7. d4 cxd4 8. Nxd4 Bg7 9. b3 O-O 10.
Bb2 Nc6 11. O-O a6 12. Nxc6 Qxc6 13. Nd5 Nxd5 14. exd5 Qc5 15. Bxg7 Kxg7 16. Re1 Rae8 17. Qd2 e5 18. dxe6 Rxe6 19.
Rad1 Rfe8 20. Rxe6 Rxe6 21. g3 Qf5 22. Qc3+ Kg8 23. Kg2 Qe4+ 24. Qf3 Qxf3+ 25. Kxf3 Kf8 26. Rd4 Ke7 27. Re4 Re5 28.
c5 Ke6 29. Rb4 Rxc5 30. Rxb7 Rc3+ 31. Kg2 Rc2 32. a4 Rc3 33. b4 Ke5 1/2-1/2

[ePGN "0.1;DGT LiveChess/2.2.4"]

[Event "BPB Limburg Open 2019 Group A"]
[Site "Maastricht, Netherlands"]
[Date "2019.06.09"]
[Round "5.1"]
[White "Bok, Benjamin"]
[Black "Van Foreest, Lucas"]
[Result "1-0"]
[TimeControl "2h + 15 sec/move"]
[WhiteFideId "1017063"]
[BlackFideId "1039792"]
[WhiteElo "2638"]
[BlackElo "2522"]

1. c4 Nf6 2. Nf3 e6 3. g3 Be7 4. Bg2 d5 5. O-O O-O 6. b3 c5 7. cxd5 Nxd5 8. Bb2 Nc6 9. d4 cxd4 10.
Nxd4 Bd7 11. Na3 Nxd4 12. Qxd4 Bf6 13. Qd2 Bc6 14. Rfd1 Qe7 15. Bxf6 Qxf6 16. Qe1 Qe7 17. Nc2 b6 18.
Rac1 Rac8 19. e4 Nc7 20. Qb4 Qe8 21. Nd4 Bb7 22. Qa3 Na6 23. e5 Bxg2 24. Kxg2 Rxc1 25. Rxc1 Qa8+ 26. Kg1 Rc8 27.
Rxc8+ Qxc8 28. Nb5 Nb8 29. Nxa7 Qc3 30.
Qa4 g5 31. Qe4 Kg7 32. Qe3 Qa1+ 33. Kg2 h6 34. a4 Qb1 35. Nc8 Nd7 36. Nxb6 Nxb6 37. Qxb6 Qe4+ 38. f3 Qc2+ 39. Qf2 Qxb3 40.
a5 Qc4 41. g4 h5 42. Qe3 Qa2+ 43. Kg3 Kg6 44. gxh5+ Kxh5 45. Qd3 Kh6 46. Qd8 Qc4 47. Qf6+ Kh5 48. Qxf7+ Kh6 49. Qf6+ Kh5 50. Qf7+ Kh6 51. Qf8+ Kh5 52. Qe8+ Kh6 53. Qh8+ Kg6 54.
Qg8+ Kf5 55. Qh7+ 1-0

[Event "BPB Limburg Open 2019 Group A"]
[Site "Maastricht, Netherlands"]
[Date "2019.06.09"]
[Round "5.2"]
[White "Nasuta, Grzegorz"]
[Black "Donchenko, Alexander"]
[Result "1-0"]
[TimeControl "2h + 15 sec/move"]
[WhiteFideId "1141686"]
[BlackFideId "24603295"]
[WhiteElo "2518"]
[BlackElo "2618"]

1. e4 c5 2. Nc3 d6 3. f4 g6 4. Nf3 Bg7 5. Bc4 Nc6 6. O-O e6 7. d4 cxd4 8. Nb5 Nge7 9. Bb3 O-O 10.
Nbxd4 b6 11. c3 Bb7 12. Nxe6 fxe6 13. Ng5 d5 14. Nxe6 Qd6 15. c4 Bc8 16. Nxf8 Qc5+ 17. Kh1 dxc4 18.
Bc2 Bxf8 19. f5 Ne5 20. Bf4 Bb7 21. Qe1 Bg7 22. Qh4 Rf8 23. Rad1 Bf6 24. Qg3 Kg7 25. Qh3 g5 26. Qg3 h6 27.
Be3 Qc7 28. Rd2 Bc6 29. Rfd1 Nc8 30.
h4 Qe7 31. Kg1 Kf7 32. hxg5 hxg5 33. Kf2 Rh8 34. Kg1 Kg7 35. a3 b5 36. Bb1 a5 37. Rd4 b4 38. axb4 axb4 39. b3 c3 40.
Bc2 Rh5 41. Rd8 Qb7 42. Bd4 Nf7 43. Bxf6+ Kxf6 44. e5+ Kg7 45. f6+ Kh6 46. Qd3 Qa7+ 47. Rd4 Nxe5 48. Qf5 Qc7 49. Rd7 Nf3+ 50.
Kf2 Be4 51. Rxc7 1-0

[Event "BPB Limburg Open 2019 Group A"]
[Site "Maastricht, Netherlands"]
[Date "2019.06.09"]
[Round "5.3"]
[White "Van Foreest, Jorden"]
[Black "Gurevich, Mikhail"]
[Result "0-1"]
[TimeControl "2h + 15 sec/move"]
[WhiteFideId "1039784"]
[BlackFideId "200930"]
[WhiteElo "2610"]
[BlackElo "2579"]

1. e4 d6 2. d4 Nf6 3. Nc3 g6 4.
f4 Bg7 5. a3 O-O 6. Nf3 Nc6 7. Be2 Bg4 8. d5 Nb8 9. h3 Bxf3 10. Bxf3 c6 11. Be3 Qc7 12. O-O Nbd7 13. a4 a5 14.
Qe2 Rfc8 15. g4 Nb6 16. g5 Nfd7 17. dxc6 bxc6 18. h4 e6 19. f5 exf5 20. exf5 Re8 21. Rae1 d5 22. fxg6 hxg6 23.
Qf2 d4 24. Be4 dxe3 25. Qxf7+ Kh8 26. Rxe3 Qd6 0-1

[Event "BPB Limburg Open 2019 Group A"]
[Site "Maastricht, Netherlands"]
[Date "2019.06.09"]
[Round "5.4"]
[White "Admiraal, Miguoel"]
[Black "Van Wely, Loek"]
[Result "0-1"]
[TimeControl "2h + 15 sec/move"]
[WhiteFideId "1019716"]
[BlackFideId "1000268"]
[WhiteElo "2507"]
[BlackElo "2604"]

1. c4 c5 2. Nf3 Nc6 3. Nc3 g6 4. e3 Nf6 5. d4 cxd4 6. exd4 d5 7. cxd5 Nxd5 8. Qb3 e6 9. Bb5 Bg7 10.
O-O O-O 11. Bxc6 bxc6 12. Na4 Ba6 13. Re1 Nb6 14. Nc5 Bc4 15. Qc3 Bd5 16. Ne5 Nc8 17. Bf4 Nd6 18. Rad1 Nf5 19. Na6 Qb6 20.
Nb4 Rfd8 21. b3 Rac8 22. Nxd5 cxd5 23. Qd3 Qa5 24. Qd2 Qa6 25. Rc1 Qb6 26. Rcd1 Nd6 27. Rc1 Qa6 28. h3 Ne4 29.
Qb2 g5 30. Be3 h6 31. a4 Nd6 32. Nf3 Rb8 33. Rc2 Rb6 34. Rec1 Rdb8 35. Nd2 Qxa4 36. Rc7 a5 37. h4 gxh4 38.
Qc2 Qb4 39. Ra7 0-1